 Dungeon Crawl Stone Soup version 0.32-a0-40-g2adb59ae06 (webtiles) character file.

Game seed: 3724071763182705273

82 Newt the Insei (level 4, -1/29 HPs)
             Began as an Octopode Shapeshifter on Jan 24, 2024.
             Slain by Sigmund
             ... wielding a +3 scythe of flaming
              (6 damage)
             ... on level 3 of the Dungeon.
             The game lasted 00:01:53 (1991 turns).

Newt the Insei (Octopode Shapeshifter)              Turns: 1991, Time: 00:01:53

Health: -1/29      AC:  1    Str: 13    XL:     4   Next: 43%
Magic:  4/4        EV: 13    Int: 12    God:
Gold:   87         SH:  0    Dex: 13    Spells: 3/3 levels left

rFire   . .          .
                       - Unarmed
rCold   + . .        (no shield)
rNeg    . . .        (helmet currently unavailable)
rPois   .            d - amulet of faith
rElec   .            g - ring of protection from cold
rCorr   .            (no ring)
SInv    .            (no ring)
Will    .....        (no ring)
Stlth   ++           (no ring)
HPRegen 0.24/turn    (no ring)
MPRegen 0.09/turn    (no ring)
                     (no ring)

%: faith
@: confused, mighty, beast-form
A: beast (slay +2), almost no armour, amphibious, 8 rings, camouflage 1,
gelatinous body 1, (nimble swimmer 1), tentacles
a: Begin Untransformation


You were on level 3 of the Dungeon.
You were a hulking beast.
You visited 1 branch of the dungeon, and saw 3 of its levels.

You collected 87 gold pieces.

Inventory:

Jewellery
 d - an amulet of faith (around mantle)
 g - a ring of protection from cold (left tentacle)
Talismans
 b - a beast talisman
 c - a flux talisman
Scrolls
 h - a scroll of noise
Potions
 a - a potion of lignification
 f - 2 potions of curing
 i - a potion of enlightenment


   Skills:
 + Level 2.0 Fighting
 - Level 2.0 Dodging
 * Level 3.9 Unarmed Combat
 * Level 3.8 Shapeshifting


You had 3 spell levels left.
You didn't know any spells.
Your spell library contained the following spells:

 Spells                   Type           Power      Damage    Failure   Level
 Fugue of the Fallen      Necr           0%         N/A       69%         3
 Ozocubu's Armour         Ice            0%         N/A       69%         3
 Manifold Assault         Tloc           0%         N/A       97%         4


Dungeon Overview and Level Annotations

Branches:
Dungeon (3/15)

Altars:

Annotations:
D:3 Sigmund


Innate Abilities, Weirdness & Mutations

You are a hulking beast.
Your limbs bulge with bestial killing power. (Slay +2)
You cannot wear most types of armour.
You are amphibious.
You can wear up to eight rings at the same time.
Your skin changes colour to match your surroundings (Stealth+).
Your rubbery body absorbs attacks. (AC +1, EV +1)
((You are camouflaged when in or above water. (Stealth+)))
You have tentacles for arms and can constrict up to eight enemies at once.


Message History

The rat squeaks loudly.
Your grab misses the orc. Your squeeze misses the orc.
The orc hits you with a +0 short sword.
There are monsters nearby!
You tentacle-slap the orc. Your grab misses the orc.
The orc is moderately wounded.
The orc barely misses you.
You tentacle-slap the orc.
You kill the orc!
Unknown command.
The rat closely misses you.
You tentacle-slap the rat but do no damage.
You grab the rat. You constrict the rat. The rat barely misses you.
You tentacle-slap the rat.
You kill the rat!
You start resting.
Sigmund the Dreaded comes into view.
He is wielding a +3 scythe of flaming, wearing a +2 robe of resistance and carrying a wand of polymorph.
Found 7 gold pieces.
You start resting.
HP restored.
Found a leather armour.
Found 2 scrolls of identify.
Sigmund casts a spell.
Sigmund flickers and vanishes!
Deactivating autopickup; reactivate with Ctrl-A.
You hear some strange, mumbled words.
A magic dart appears from out of thin air!
The magic dart hits you!
You tentacle-slap something. Your squeeze misses something. Something hits you.
Something burns you.
You miss something. You closely miss something.
You hear some strange, mumbled words.
You are confused.
You feel very mighty all of a sudden. Something hits you!
Ouch! That really hurt!
* * * LOW HITPOINT WARNING * * *
Something burns you.
You die...

.# ##...........#*,*,,,*,*,,,,,,
.#####...........#*,***,*,*,*****
.................#*,,,,,*,*,*,,,*
#####.#######....#*,.##,*,*,*,*,*
## #.............,,..#,*,*,*,*,,
## ######.#.#####,,..#,*,*,*,***
## #.#,# #####..#,,,,,*,* * ##
#.#.###......##*,***,*** .#
######.#.?.{h......##.#,,,*,, .#
#......#####..........#,*,,,, .#
#.#####...)............,*,*,,
,***#..<........†....###.#.,*,,,,
,.$...####..........##**,,,,*,*,,
,...,,* #.######...#**,,,,,,,,,,
*#***** #.# #...#,,,,,,**,*,*
>,,,,* #.# #...#,,,,,,,,,,<,
****,****#.# #.###,,,,,,,*,***


There were no monsters in sight!

Vanquished Creatures
  Robin (D:3)
  An adder (D:2)
  An orc (D:3)
  2 bats
  3 endoplasms
  5 giant cockroaches
  9 goblins
  8 hobgoblins
  3 quokkas
  9 ball pythons
  3 frilled lizards (D:1)
  4 kobolds
  9 rats
58 creatures vanquished.

Notes
Turn   | Place    | Note
-------+----------+-------------------------------------------
     0 | D:1      | Newt the Octopode Shapeshifter began the quest for the Orb.
     0 | D:1      | Reached XP level 1. HP: 13/13 MP: 1/1
   212 | D:1      | Reached XP level 2. HP: 18/18 MP: 2/2
  1007 | D:1      | Reached XP level 3. HP: 23/23 MP: 3/3
  1651 | D:2      | Reached XP level 4. HP: 29/29 MP: 4/4
  1702 | D:3      | Noticed Robin
  1716 | D:3      | Killed Robin
  1934 | D:3      | Noticed Sigmund
  1991 | D:3      | Slain by Sigmund

Illustrated notes

Levels and vault maps discovered:
D:1:      dpeg_cavernosity, layout_basic
D:2:      layout_rooms
D:3:      layout_basic, uniq_robin, uniq_sigmund, uniq_ijyb

Skill      XL: |  1  2  3  4 |
---------------+-------------+-----
Fighting       | 2 |  2.0
Dodging        | |  2.0
Unarmed Combat | |  3.9
Shapeshifting  | |  3.8

Action                     |  1- 3 |  4- 6 || total
---------------------------+-------+-------++-------
  Melee: Unarmed           |    79 |    28 ||   107
         Constrict         |    23 |     6 ||    29
         Tentacles         |    16 |     4 ||    20
         Punch             |     1 |       ||     1
    Use: Scroll            |       |     6 ||     6
         Potion            |       |     1 ||     1
   Stab: Sleeping          |     6 |       ||     6
 Armour: Skin              |    29 |    16 ||    45
  Dodge: Dodged            |    41 |    14 ||    55

Table legend: (Time is in decaauts)
 A = Elapsed time spent in this place.
 B = Non-inter-level travel time spent in this place.
 C = Inter-level travel time spent in this place.
 D = Time resting spent in this place.
 E = Time spent auto-exploring this place.
 F = Levels seen in this place.
 G = Mean time per level.
                   A        B        C        D        E       F      G
               +--------+--------+--------+--------+--------+-----+--------+
         Total |   1983 |   1939 |     44 |    505 |   1129 |   3 |  661.0 |
       Dungeon |   1983 |   1939 |     44 |    505 |   1129 |   3 |  661.0 |
               +--------+--------+--------+--------+--------+-----+--------+

Top non-repeatable levels by time:
     D:1: 1076 daAuts
     D:2: 572 daAuts
     D:3: 333 daAuts
